[Event "CZE-ch Youth G10-G12-G14 2022"]
[Site "Luhacovice"]
[Date "2022.03.16"]
[Round "6.42"]
[White "Myskova, Veronika"]
[Black "Zilava Lucie"]
[Result "1-0"]
[ECO "A48"]
[WhiteElo "1117"]
[BlackElo "1059"]
[Annotator "NA"]
[PlyCount "101"]
[EventDate "2022.03.12"]
[EventType "swiss"]
[EventCountry "CZE"]
[SourceTitle "playchess.com"]
[Source "ChessBase"]
[SourceQuality "1"]
[TimeControl "40/5400+30:1800+30"]

1. d4 Nf6 2. Bf4 g6 3. Nf3 Bg7 4. e3 O-O 5. Be2 d6 6. Nc3 c5 7. O-O Nc6 8. dxc5 dxc5 9. Bc4 Bg4 10. Be2 Re8 11. Qxd8 Raxd8 12. Rad1 Rxd1 13. Rxd1 e5 14. Bg3 Nh5 15. Bh4 Bf6 16. Bxf6 Nxf6 17. Na4 b6 18. Bb5 Re6 19. Bc4 Re8 20. Rd6 Na5 21. Bb5 Ne4 22. Rxg6+ hxg6 23. Bxe8 Nd6 24. Nxe5 Be6 25. Bd7 Bxd7 26. Nxd7 Kg7 27. b3 f5 28. f4 Ne4 29. g3 c4 30. b4 Nb7 31. Nb2 c3 32. Nc4 Nbd6 33. Nxd6 Nxd6 34. Ne5 Nb5 35. Nc4 Kf6 36. a4 Nc7 37. Kf2 Ke6 38. Ne5 Kf6 39. h3 Nd5 40. Nc6 a6 41. Kf3 Ke6 42. e4 fxe4+ 43. Kxe4 Kd6 44. b5 a5 45. g4 Nb4 46. Nxb4 axb4 47. Kd3 Kd5 48. h4 Ke6 49. h5 gxh5 50. gxh5 Kf6 51. Kc4 1-0

[Event "CZE-ch Youth G10-G12-G14 2022"]
[Site "Luhacovice"]
[Date "2022.03.16"]
[Round "6.43"]
[White "Dufkova, Tereza"]
[Black "Urvalkova Ema"]
[Result "1-0"]
[ECO "D01"]
[WhiteElo "1014"]
[BlackElo "1000"]
[Annotator "NA RC"]
[PlyCount "128"]
[EventDate "2022.03.12"]
[EventType "swiss"]
[EventCountry "CZE"]
[SourceTitle "playchess.com"]
[Source "ChessBase"]
[SourceQuality "1"]
[TimeControl "40/5400+30:1800+30"]

1. d4 Nf6 2. Nc3 e6 3. Bg5 d5 4. e3 Be7 5. Bd3 b6 6. Bxf6 Bxf6 7. Nf3 Bb7 8. e4 dxe4 9. Nxe4 O-O 10. O-O Bxd4 11. Neg5 g6 12. c3 Bg7 13. Re1 Na6 14. Ne4 Qe7 15. Qe2 Nc5 16. Nxc5 Qxc5 17. Rac1 Rad8 18. b4 Qd5 19. Red1 Qc6 20. Bb5 Rxd1+ 21. Rxd1 Qxc3 22. Rb1 Bxf3 23. Qxf3 Qc2 24. Rd1 Qxa2 25. h4 Qb2 26. Qe4 c5 27. Rb1 Qd4 28. Qxd4 Bxd4 29. Kf1 Rc8 30. Rc1 Kf8 31. Ke2 Ke7 32. Kd3 Bxf2 33. Rc4 Kd6 34. Ba6 Rc7 35. Ke2 Bd4 36. Kd3 Kd5 37. Rc2 e5 38. Bc4+ Kd6 39. b5 f5 40. g3 e4+ 41. Ke2 Ke5 42. Kf1 f4 43. gxf4+ Kxf4 44. Rh2 h6 45. Rg2 g5 46. h5 Re7 47. Ke2 g4 48. Kd2 Kf3 49. Bf1 e3+ 50. Kd3 g3 51. Rc2 Rg7 52. Be2+ Kf4 53. Bf1 Rg5 54. Ra2 Rxh5 55. Rxa7 Rf5 56. Ke2 c4 57. Rd7 Bc5 58. Rd1 Rh5 59. Bg2 Rh2 60. Rg1 c3 61. Kd3 e2 62. Re1 Rxg2 63. Kxc3 Kf3 64. Kd2 Be3+ 1-0

[Event "CZE-ch Youth G10-G12-G14 2022"]
[Site "Luhacovice"]
[Date "2022.03.17"]
[Round "7.1"]
[White "Kusova, Nikola"]
[Black "Lackova, Lucie"]
[Result "0-1"]
[ECO "C28"]
[WhiteElo "1227"]
[BlackElo "1142"]
[Annotator "NA"]
[PlyCount "56"]
[EventDate "2022.03.12"]
[EventType "swiss"]
[EventCountry "CZE"]
[SourceTitle "playchess.com"]
[Source "ChessBase"]
[SourceQuality "1"]
[TimeControl "40/5400+30:1800+30"]

1. e4 e5 2. Nc3 Nf6 3. Bc4 Nc6 4. d3 Bb4 5. Nge2 d5 6. exd5 Nxd5 7. O-O Be6 8. Bxd5 Bxd5 9. f4 O-O 10. f5 f6 11. Be3 Re8 12. a3 Bxc3 13. Nxc3 Bf7 14. Qg4 Kh8 15. Rf3 g6 16. Rh3 g5 17. Rh6 Bg8 18. Qh5 Kg7 19. Ne4 Rf8 20. Nc5 Nd4 21. Bxd4 Qxd4+ 22. Kh1 Qxc5 23. c3 Rad8 24. Rd1 Qf2 25. Qh3 Rxd3 26. Qxd3 Kxh6 27. Qh3+ Kg7 28. g3 Qf3+ 0-1

[Event "CZE-ch Youth G10-G12-G14 2022"]
[Site "Luhacovice"]
[Date "2022.03.17"]
[Round "7.2"]
[White "Stepankova Linda"]
[Black "Janouskova, Eliska"]
[Result "0-1"]
[ECO "C77"]
[WhiteElo "1000"]
[BlackElo "1167"]
[Annotator "NA"]
[PlyCount "62"]
[EventDate "2022.03.12"]
[EventType "swiss"]
[EventCountry "CZE"]
[SourceTitle "playchess.com"]
[Source "ChessBase"]
[SourceQuality "1"]
[TimeControl "40/5400+30:1800+30"]

1. e4 e5 2. Nf3 Nc6 3. Bb5 a6 4. Ba4 Bc5 5. Nc3 b5 6. Bb3 Nf6 7. d3 h6 8. Be3 Bb4 9. O-O Bxc3 10. bxc3 d5 11. exd5 Nxd5 12. c4 Nf6 13. Re1 O-O 14. c3 Bg4 15. a4 bxc4 16. Bxc4 Nd5 17. h3 Nxc3 18. Qb3 Bxf3 19. gxf3 Nd4 20. Qxc3 Nxf3+ 21. Kg2 Nxe1+ 22. Rxe1 Re8 23. Kg3 Qd6 24. f4 Qg6+ 25. Kf2 exf4 26. Bxf4 Qf5 27. Rxe8+ Rxe8 28. Kg3 Re2 29. d4 Qg6+ 30. Kh4 Re4 31. Qf3 Qg5# 0-1

[Event "CZE-ch Youth G10-G12-G14 2022"]
[Site "Luhacovice"]
[Date "2022.03.17"]
[Round "7.3"]
[White "Vancakova, Veronika"]
[Black "Vanickova Natalie"]
[Result "0-1"]
[ECO "D26"]
[WhiteElo "1300"]
[BlackElo "1000"]
[Annotator "NA"]
[PlyCount "86"]
[EventDate "2022.03.12"]
[EventType "swiss"]
[EventCountry "CZE"]
[SourceTitle "playchess.com"]
[Source "ChessBase"]
[SourceQuality "1"]
[TimeControl "40/5400+30:1800+30"]

1. d4 d5 2. c4 dxc4 3. e3 Nf6 4. Bxc4 e6 5. Nc3 a6 6. Nf3 b5 7. Bb3 Bb7 8. Bd2 Be7 9. Rc1 O-O 10. O-O Nbd7 11. Qe2 c5 12. a4 b4 13. Nb1 Rc8 14. Rfd1 Qb6 15. Be1 Nb8 16. Nbd2 Rfd8 17. Nc4 Qc7 18. dxc5 Bxc5 19. Nfe5 Nc6 20. Nxc6 Qxc6 21. f3 Ba7 22. Bxb4 Rd5 23. Rxd5 Nxd5 24. Bd2 Qd7 25. Kh1 Bb8 26. g3 Qe7 27. e4 Nf6 28. Rd1 h6 29. Kg2 Qc7 30. Ba5 Qc5 31. Bc3 Bc6 32. a5 Bb5 33. Bxf6 gxf6 34. Rc1 Qb4 35. Qc2 Rd8 36. Qc3 Qc5 37. Ba2 Ba7 38. Qc2 Bxc4 39. Bxc4 Rd4 40. Bxa6 Qxa5 41. Qc8+ Kg7 42. Rc3 Rd2+ 43. Kh3 Qh5# 0-1

[Event "CZE-ch Youth G10-G12-G14 2022"]
[Site "Luhacovice"]
[Date "2022.03.17"]
[Round "7.4"]
[White "Silhankova Simona"]
[Black "Romanko Diana"]
[Result "0-1"]
[ECO "C50"]
[WhiteElo "1000"]
[BlackElo "1000"]
[Annotator "NA"]
[PlyCount "24"]
[EventDate "2022.03.12"]
[EventType "swiss"]
[EventCountry "CZE"]
[SourceTitle "playchess.com"]
[Source "ChessBase"]
[SourceQuality "1"]
[TimeControl "40/5400+30:1800+30"]

1. e4 e5 2. Nf3 Nc6 3. Bc4 Bc5 4. O-O Nf6 5. Nc3 d6 6. d3 Bg4 7. h3 Bh5 8. Be3 Bd4 9. Qe1 Bxf3 10. g3 Qd7 11. Rb1 Qxh3 12. Nb5 Qg2# 0-1

[Event "CZE-ch Youth G10-G12-G14 2022"]
[Site "Luhacovice"]
[Date "2022.03.17"]
[Round "7.5"]
[White "Mazurkova Viktorie"]
[Black "Lickova, Anna"]
[Result "0-1"]
[ECO "C68"]
[WhiteElo "1000"]
[BlackElo "1016"]
[Annotator "NA"]
[PlyCount "66"]
[EventDate "2022.03.12"]
[EventType "swiss"]
[EventCountry "CZE"]
[SourceTitle "playchess.com"]
[Source "ChessBase"]
[SourceQuality "1"]
[TimeControl "40/5400+30:1800+30"]

1. e4 e5 2. Nf3 Nc6 3. Bb5 a6 4. Be2 Nf6 5. Nc3 d6 6. h3 Be6 7. d3 d5 8. O-O d4 9. Nb1 Be7 10. c3 h6 11. b3 Qd7 12. Kh2 g5 13. Ng1 O-O-O 14. a4 Na5 15. Nd2 dxc3 16. Nb1 Nxb3 17. Ra2 Nxc1 18. Rc2 Nxe2 19. Nxe2 Bb3 20. Nbxc3 Bxc2 21. Qxc2 Qxd3 22. Qxd3 Rxd3 23. Nd1 Rhd8 24. Nec3 Bb4 25. Nb2 Rxc3 26. Ra1 Nxe4 27. Kg1 Nxf2 28. Kxf2 Rc2+ 29. Kf1 Rxb2 30. Kg1 Rdd2 31. g4 Rg2+ 32. Kh1 Bc5 33. Rd1 Rh2# 0-1

[Event "CZE-ch Youth G10-G12-G14 2022"]
[Site "Luhacovice"]
[Date "2022.03.17"]
[Round "7.6"]
[White "Jenikova Sabina"]
[Black "Koutna Simona"]
[Result "0-1"]
[ECO "D02"]
[WhiteElo "1076"]
[BlackElo "1000"]
[Annotator "NA"]
[PlyCount "100"]
[EventDate "2022.03.12"]
[EventType "swiss"]
[EventCountry "CZE"]
[SourceTitle "playchess.com"]
[Source "ChessBase"]
[SourceQuality "1"]
[TimeControl "40/5400+30:1800+30"]

1. d4 Nf6 2. Bf4 g6 3. Nf3 Bg7 4. e3 O-O 5. Bd3 d5 6. Nbd2 Nc6 7. O-O Bd7 8. h3 Re8 9. c3 h5 10. Qb3 e6 11. Qxb7 Rb8 12. Qa6 Ng4 13. hxg4 hxg4 14. Nh2 e5 15. dxe5 Bxe5 16. Bxe5 Nxe5 17. Nb3 Nxd3 18. Qxd3 Qh4 19. e4 Kg7 20. exd5 Rh8 21. Qg3 Rh7 22. Qxh4 Rxh4 23. g3 Rh3 24. Kg2 Rbh8 25. Rh1 Bf5 26. Nd2 Bd3 27. Rae1 Bb5 28. Re7 c6 29. Re5 cxd5 30. Ree1 Bc6 31. Nxg4 d4+ 32. Ne4 Bxe4+ 33. Rxe4 Rxh1 34. Rxd4 Ra1 35. Ra4 Rd8 36. Ne3 Rd2 37. b3 Raxa2 38. Rxa2 Rxa2 39. b4 Ra1 40. c4 Rc1 41. c5 a6 42. Nd5 Rc4 43. Kf3 Rd4 44. Nc7 Rxb4 45. Nxa6 Ra4 46. Nb8 Ra8 47. Nd7 Rd8 48. c6 Rc8 49. Ne5 f6 50. Ng4 Rxc6 0-1

[Event "CZE-ch Youth G10-G12-G14 2022"]
[Site "Luhacovice"]
[Date "2022.03.17"]
[Round "7.7"]
[White "Tarielasvili Kira"]
[Black "Hujova Tess"]
[Result "0-1"]
[ECO "C50"]
[WhiteElo "1000"]
[BlackElo "1000"]
[Annotator "NA"]
[PlyCount "50"]
[EventDate "2022.03.12"]
[EventType "swiss"]
[EventCountry "CZE"]
[SourceTitle "playchess.com"]
[Source "ChessBase"]
[SourceQuality "1"]
[TimeControl "40/5400+30:1800+30"]

1. e4 e5 2. Nf3 Nc6 3. Bc4 Bc5 4. Ng5 Qxg5 5. d3 Qxg2 6. Rf1 Qxh2 7. Qf3 Nf6 8. Rh1 Qxf2+ 9. Qxf2 Bxf2+ 10. Kxf2 Nd4 11. Nc3 O-O 12. Be3 Nxc2 13. Rag1 Nxe3 14. Kxe3 d6 15. Rg2 Ng4+ 16. Ke2 g6 17. Be6 Bxe6 18. Nd5 Bxd5 19. exd5 f5 20. Rg3 Rae8 21. Rgh3 h5 22. Rc1 e4 23. dxe4 Rxe4+ 24. Kf3 Re3+ 25. Kg2 Rxh3 0-1

[Event "CZE-ch Youth G10-G12-G14 2022"]
[Site "Luhacovice"]
[Date "2022.03.17"]
[Round "7.8"]
[White "Rudova Jana"]
[Black "Zadrapova Gabriela"]
[Result "0-1"]
[ECO "C48"]
[WhiteElo "1000"]
[BlackElo "1000"]
[Annotator "NA"]
[PlyCount "70"]
[EventDate "2022.03.12"]
[EventType "swiss"]
[EventCountry "CZE"]
[SourceTitle "playchess.com"]
[Source "ChessBase"]
[SourceQuality "1"]
[TimeControl "40/5400+30:1800+30"]

1. e4 e5 2. Nf3 Nc6 3. Nc3 Nf6 4. Bb5 Bc5 5. O-O O-O 6. Bxc6 bxc6 7. Nxe5 Bd4 8. Nf3 Bc5 9. e5 d5 10. exf6 Qxf6 11. d3 Qg6 12. d4 Bb6 13. h3 Bxh3 14. Ng5 Bf5 15. Na4 Ba5 16. g3 f6 17. Nf3 Bg4 18. Bf4 Qh5 19. Kg2 Bh3+ 20. Kg1 Bxf1 21. Kxf1 Rfe8 22. Nc5 Re7 23. Nb7 Bb4 24. c3 Bd6 25. Nxd6 cxd6 26. Bxd6 Re6 27. Bc5 a5 28. Qb3 Rae8 29. Kg2 Re4 30. Qb6 Rg4 31. Qxc6 Rb8 32. Qe6+ Kh8 33. Bb6 Rg6 34. Qf7 Rxg3+ 35. Kxg3 Qxf7 0-1

[Event "CZE-ch Youth G10-G12-G14 2022"]
[Site "Luhacovice"]
[Date "2022.03.17"]
[Round "7.9"]
[White "Vlckova Linda"]
[Black "Martikanova Amalie"]
[Result "0-1"]
[ECO "C44"]
[WhiteElo "1000"]
[BlackElo "1245"]
[Annotator "NA"]
[PlyCount "102"]
[EventDate "2022.03.12"]
[EventType "swiss"]
[EventCountry "CZE"]
[SourceTitle "playchess.com"]
[Source "ChessBase"]
[SourceQuality "1"]
[TimeControl "40/5400+30:1800+30"]

1. e4 e5 2. Nf3 Nc6 3. d3 Bc5 4. Be3 Bb6 5. d4 f6 6. dxe5 fxe5 7. Bc4 Nf6 8. Ng5 d5 9. exd5 h6 10. d6 hxg5 11. dxc7 Qxd1+ 12. Kxd1 Bxc7 13. Nc3 Bf5 14. Bxg5 O-O-O+ 15. Bd2 Ng4 16. Rf1 Rxh2 17. Kc1 Rd4 18. Be2 Rxg2 19. Bf3 Rxf2 20. Rxf2 Nxf2 21. Be3 Nd3+ 22. Kd2 Rd7 23. cxd3 Rxd3+ 24. Ke2 Nb4 25. Be4 Bxe4 26. Nxe4 Bb6 27. Bg5 Rd4 28. Rc1+ Kb8 29. Nd2 Rg4 30. Be7 Nc6 31. Bd6+ Ka8 32. Rh1 a6 33. Nf3 Re4+ 34. Kd3 Re3+ 35. Kd2 Rxf3 36. Rh8+ Bd8 37. Bc5 g5 38. b4 g4 39. a4 e4 40. b5 Rd3+ 41. Ke2 Ne5 42. Rxd8+ Rxd8 43. Bb6 Rc8 44. Bd4 Nf3 45. Be3 g3 46. a5 Rc3 47. Bb6 g2 48. Bf2 Rc2+ 49. Ke3 Rxf2 50. Kxf2 g1=Q+ 51. Ke2 Qe1# 0-1

[Event "CZE-ch Youth G10-G12-G14 2022"]
[Site "Luhacovice"]
[Date "2022.03.17"]
[Round "7.10"]
[White "Topencikova Ellen"]
[Black "Melicharova Veronika"]
[Result "0-1"]
[ECO "C00"]
[WhiteElo "1000"]
[BlackElo "1000"]
[Annotator "NA"]
[PlyCount "142"]
[EventDate "2022.03.12"]
[EventType "swiss"]
[EventCountry "CZE"]
[SourceTitle "playchess.com"]
[Source "ChessBase"]
[SourceQuality "1"]
[TimeControl "40/5400+30:1800+30"]

1. e4 d5 2. Nc3 e6 3. d3 Bb4 4. Be2 Nc6 5. Nf3 Nf6 6. O-O O-O 7. Bd2 Bxc3 8. Bxc3 dxe4 9. dxe4 Nxe4 10. Qc1 Nxc3 11. bxc3 e5 12. Rd1 Qf6 13. Qg5 Qxg5 14. Nxg5 h6 15. Nf3 e4 16. Nd4 Nxd4 17. cxd4 Bf5 18. g4 Bg6 19. f4 exf3 20. Bd3 Bxd3 21. Rxd3 Rfe8 22. Rxf3 Rad8 23. Rb1 b6 24. Rbf1 f6 25. c3 c5 26. dxc5 bxc5 27. h4 Rd2 28. R3f2 Rxf2 29. Rxf2 Re4 30. Rg2 h5 31. gxh5 Rxh4 32. Rb2 Rxh5 33. Rb8+ Kh7 34. Rb7 Rg5+ 35. Kf1 Rg3 36. Rxa7 Rxc3 37. Ke2 Kh6 38. Kd2 Rg3 39. Rc7 Rg2+ 40. Kc3 Rxa2 41. Rxc5 g5 42. Rc6 g4 43. Rxf6+ Kh5 44. Rf1 g3 45. Rf5+ Kh4 46. Rf4+ Kh3 47. Rf6 g2 48. Rh6+ Kg3 49. Rg6+ Kh2 50. Rh6+ Kg1 51. Kb3 Re2 52. Kc3 Kf1 53. Rf6+ Rf2 54. Ra6 g1=Q 55. Ra1+ Kg2 56. Rxg1+ Kxg1 57. Kd3 Rf4 58. Ke3 Rb4 59. Kd3 Kf2 60. Kc3 Rh4 61. Kd3 Rf4 62. Kd2 Rf3 63. Kd1 Rd3+ 64. Kc2 Ke2 65. Kc1 Ke3 66. Kc2 Kd4 67. Kc1 Kc3 68. Kb1 Rd2 69. Kc1 Kd3 70. Kb1 Rc2 71. Ka1 Kc3 0-1

[Event "CZE-ch Youth G10-G12-G14 2022"]
[Site "Luhacovice"]
[Date "2022.03.17"]
[Round "7.11"]
[White "Kubalova Nikol"]
[Black "Ramseier, Jana S."]
[Result "1/2-1/2"]
[ECO "D02"]
[WhiteElo "1000"]
[BlackElo "2090"]
[Annotator "ChessBase"]
[PlyCount "166"]
[EventDate "2022.03.12"]
[EventType "swiss"]
[EventCountry "CZE"]
[SourceTitle "playchess.com"]
[Source "ChessBase"]
[SourceQuality "1"]
[TimeControl "40/5400+30:1800+30"]

1. d4 d5 2. Bf4 Nc6 3. e3 e6 4. Nf3 Nf6 5. Nbd2 Bb4 6. Bd3 Bd7 7. O-O O-O 8. e4 Be8 9. exd5 Nxd5 10. c3 Nxf4 11. Ne5 Nxd3 12. cxb4 Nxb2 13. Qc2 Nxd4 14. Qxb2 Ne2+ 15. Kh1 Nf4 16. g3 Bc6+ 17. Nxc6 bxc6 18. gxf4 Qd5+ 19. Kg1 Qf5 20. Kh1 Qxf4 21. Rg1 e5 22. f3 Rad8 23. Rg4 Qxd2 24. Qxe5 Qh6 25. Rag1 f6 26. Qf5 g6 27. Qe6+ Rf7 28. Qxc6 Rd6 29. Qb7 c6 30. Qa8+ Qf8 31. Qxf8+ Rxf8 32. h3 h5 33. Rxg6+ Kh8 34. Re1 Rg8 35. Rh6+ Kg7 36. Rxh5 Kf7 37. Rf5 Re6 38. Rf1 Re2 39. Rg1 Rxa2 40. Rxg8 Kxg8 41. Rxf6 a5 42. bxa5 Rxa5 43. Rxc6 Rf5 44. Rg6+ Kf7 45. Rg3 Rh5 46. f4 Kf6 47. Rg2 Rxh3+ 48. Kg1 Rf3 49. Rg4 Kf5 50. Kg2 Rd3 51. Rg3 Rd2+ 52. Kf3 Rd1 53. Rg5+ Kf6 54. Ke2 Rd4 55. Ke3 Rd7 56. Rg3 Re7+ 57. Kf2 Kf5 58. Rf3 Rf7 59. Kg3 Kf6 60. f5 Ke7 61. Re3+ Kf8 62. Kg4 Re7 63. Rh3 Re4+ 64. Kg3 Kf7 65. Rh7+ Kf6 66. Rh5 Re1 67. Kf4 Rf1+ 68. Ke4 Ke7 69. Rh6 Re1+ 70. Kf3 Rf1+ 71. Kg4 Rg1+ 72. Kh5 Kf7 73. f6 Ke6 74. Kh4 Rg8 75. Kh5 Rg1 76. Rg6 Rf1 77. Kg5 Kf7 78. Rg7+ Kf8 79. Kg6 Ke8 80. f7+ Kf8 81. Rg8+ Ke7 82. f8=Q+ Rxf8 83. Rxf8 Kxf8 1/2-1/2

[Event "CZE-ch Youth G10-G12-G14 2022"]
[Site "Luhacovice"]
[Date "2022.03.17"]
[Round "7.12"]
[White "Kozusnikova, Daniela"]
[Black "Martinkova Klara"]
[Result "1-0"]
[ECO "D00"]
[WhiteElo "1364"]
[BlackElo "1177"]
[Annotator "NA"]
[PlyCount "91"]
[EventDate "2022.03.12"]
[EventType "swiss"]
[EventCountry "CZE"]
[SourceTitle "playchess.com"]
[Source "ChessBase"]
[SourceQuality "1"]
[TimeControl "40/5400+30:1800+30"]

1. d4 d5 2. Bg5 Nc6 3. e3 Nf6 4. Nf3 Bf5 5. Bd3 Bg6 6. c3 e6 7. Qe2 Be7 8. Nbd2 O-O 9. O-O a6 10. c4 Nb4 11. Bxg6 hxg6 12. a3 Nc6 13. Rac1 Qd7 14. Rc2 Rfb8 15. Rfc1 Rc8 16. h3 a5 17. Qd3 Ra7 18. Nf1 Raa8 19. Qe2 Ne4 20. Bxe7 Qxe7 21. cxd5 exd5 22. N1d2 Ra6 23. Qb5 Rb6 24. Qxd5 Nxd2 25. Rxd2 Rd8 26. Qc4 Qe4 27. d5 Qxc4 28. Rxc4 Ne7 29. Rxc7 Nxd5 30. Rc5 Rbd6 31. Rxa5 Nc7 32. Rxd6 Rxd6 33. Rc5 Ne6 34. Rc8+ Kh7 35. Rc4 Rd1+ 36. Kh2 Rb1 37. Rb4 Nd8 38. Rd4 Nc6 39. Re4 Rxb2 40. Ng5+ Kh6 41. Nxf7+ Kh5 42. g4+ Kh4 43. g5+ Kh5 44. Kg3 Rb4 45. axb4 Nxb4 46. Rh4# 1-0

[Event "CZE-ch Youth G10-G12-G14 2022"]
[Site "Luhacovice"]
[Date "2022.03.17"]
[Round "7.13"]
[White "Kammova, Katerina"]
[Black "Buchtova, Viktorie"]
[Result "0-1"]
[ECO "D40"]
[WhiteElo "1376"]
[BlackElo "1464"]
[Annotator "NA"]
[PlyCount "100"]
[EventDate "2022.03.12"]
[EventType "swiss"]
[EventCountry "CZE"]
[SourceTitle "playchess.com"]
[Source "ChessBase"]
[SourceQuality "1"]
[TimeControl "40/5400+30:1800+30"]

1. d4 Nf6 2. Nf3 e6 3. c4 d5 4. Nc3 c5 5. e3 Nc6 6. Be2 b6 7. O-O Bd6 8. b3 O-O 9. Qc2 Bb7 10. Bb2 a6 11. Rad1 Qc7 12. Bd3 Nb4 13. Qe2 Nxd3 14. Rxd3 dxc4 15. bxc4 cxd4 16. Rxd4 Bxf3 17. Qxf3 Bxh2+ 18. Kh1 Be5 19. Rh4 b5 20. Qe2 b4 21. Na4 Bxb2 22. Nxb2 Rfd8 23. e4 Rd4 24. Rc1 Rad8 25. Rd1 Rxd1+ 26. Nxd1 g5 27. Rh3 Nxe4 28. Nb2 Nc3 29. Qg4 Qf4 30. Qh5 Qf5 31. Rf3 Qg6 32. Qxg6+ hxg6 33. Rd3 Rxd3 34. Nxd3 Nxa2 35. c5 Kf8 36. Kg1 Ke7 37. Kf1 Kd7 38. Ke1 Kc6 39. Ne5+ Kxc5 40. Nxf7 b3 41. Kd2 g4 42. Ne5 Kd4 43. Nxg4 Nb4 44. Kc1 Kc3 45. Ne5 Nd3+ 46. Nxd3 Kxd3 47. Kb2 Ke2 48. Kxb3 Kxf2 49. g4 e5 50. Kc3 e4 0-1

[Event "CZE-ch Youth G10-G12-G14 2022"]
[Site "Luhacovice"]
[Date "2022.03.17"]
[Round "7.14"]
[White "Slivova, Linda"]
[Black "Stehlikova, Vanessa"]
[Result "1-0"]
[ECO "C26"]
[WhiteElo "1298"]
[BlackElo "1039"]
[Annotator "NA"]
[PlyCount "79"]
[EventDate "2022.03.12"]
[EventType "swiss"]
[EventCountry "CZE"]
[SourceTitle "playchess.com"]
[Source "ChessBase"]
[SourceQuality "1"]
[TimeControl "40/5400+30:1800+30"]

1. e4 e5 2. Nc3 Nf6 3. g3 Bc5 4. Bg2 Nc6 5. Nge2 O-O 6. O-O d6 7. Na4 Bb6 8. Nxb6 axb6 9. a3 Be6 10. d3 d5 11. Bg5 d4 12. f4 h6 13. fxe5 hxg5 14. exf6 gxf6 15. h3 Kg7 16. Qe1 Rh8 17. g4 Rh6 18. Qf2 Qd6 19. Ng3 f5 20. Nxf5+ Bxf5 21. Qxf5 Qg6 22. Qxg6+ Kxg6 23. Rf2 Ne5 24. Rf5 f6 25. Raf1 Rf8 26. Rxe5 fxe5 27. Rxf8 Rh7 28. Rf5 Re7 29. Kf2 c5 30. Kg3 b5 31. h4 gxh4+ 32. Kxh4 c4 33. Bf1 Rh7+ 34. Kg3 c3 35. bxc3 dxc3 36. Rxe5 Rh1 37. Rf5 Rg1+ 38. Kh3 Rh1+ 39. Kg2 Rh4 40. Be2 1-0

[Event "CZE-ch Youth G10-G12-G14 2022"]
[Site "Luhacovice"]
[Date "2022.03.17"]
[Round "7.15"]
[White "Hladka, Leontyna"]
[Black "Markina, Sofiia"]
[Result "1/2-1/2"]
[ECO "B40"]
[WhiteElo "1134"]
[BlackElo "1367"]
[Annotator "NA"]
[PlyCount "71"]
[EventDate "2022.03.12"]
[EventType "swiss"]
[EventCountry "CZE"]
[SourceTitle "playchess.com"]
[Source "ChessBase"]
[SourceQuality "1"]
[TimeControl "40/5400+30:1800+30"]

1. e4 c5 2. Nf3 e6 3. Bb5 a6 4. Bc4 d6 5. c3 Nf6 6. d3 Be7 7. Bb3 O-O 8. O-O b6 9. Bc2 Bb7 10. Nbd2 Nc6 11. Nc4 b5 12. Ne3 Rc8 13. b3 Qc7 14. Ba3 d5 15. exd5 Nxd5 16. Nxd5 exd5 17. Rc1 Bd6 18. d4 b4 19. Bb2 bxc3 20. Bxc3 cxd4 21. Bxd4 Ba3 22. Rb1 Nxd4 23. Nxd4 Bd6 24. Qh5 g6 25. Qh4 Be5 26. Rfc1 Bf4 27. Rd1 Qe5 28. Nf3 Qb8 29. Bd3 Rc3 30. Ng5 Bxg5 31. Qxg5 Re8 32. Qf6 Qc8 33. h3 Re6 34. Qd4 Qc6 35. Re1 Rxe1+ 36. Rxe1 1/2-1/2

[Event "CZE-ch Youth G10-G12-G14 2022"]
[Site "Luhacovice"]
[Date "2022.03.17"]
[Round "7.16"]
[White "Lukaskova Ellen"]
[Black "Stara, Zuzana"]
[Result "1/2-1/2"]
[ECO "B90"]
[WhiteElo "1058"]
[BlackElo "1322"]
[Annotator "NA"]
[PlyCount "65"]
[EventDate "2022.03.12"]
[EventType "swiss"]
[EventCountry "CZE"]
[SourceTitle "playchess.com"]
[Source "ChessBase"]
[SourceQuality "1"]
[TimeControl "40/5400+30:1800+30"]

1. e4 c5 2. Nf3 Nf6 3. Nc3 d6 4. d4 cxd4 5. Nxd4 a6 6. Nf3 Nc6 7. Bg5 Bg4 8. Bxf6 exf6 9. Be2 Be7 10. Nd4 Bd7 11. Nf5 Bxf5 12. exf5 Rc8 13. Bf3 O-O 14. O-O Qd7 15. Be4 Bd8 16. Qd5 Re8 17. Qd3 Ne5 18. Qd5 b5 19. Qb7 Ba5 20. Qxd7 Nxd7 21. Bb7 Rc7 22. Bxa6 Bxc3 23. bxc3 Rb8 24. a4 bxa4 25. Rxa4 Nc5 26. Ra2 Nxa6 27. Rxa6 Rxc3 28. Rxd6 Rxc2 29. g4 Rc4 30. f3 Rc2 31. Rf2 Rc1+ 32. Rf1 Rc3 33. Rfd1 1/2-1/2

[Event "CZE-ch Youth G10-G12-G14 2022"]
[Site "Luhacovice"]
[Date "2022.03.17"]
[Round "7.17"]
[White "Horkova, Tereza"]
[Black "Vaclavkova Klara"]
[Result "1-0"]
[ECO "C53"]
[WhiteElo "1375"]
[BlackElo "1000"]
[Annotator "NA"]
[PlyCount "92"]
[EventDate "2022.03.12"]
[EventType "swiss"]
[EventCountry "CZE"]
[SourceTitle "playchess.com"]
[Source "ChessBase"]
[SourceQuality "1"]
[TimeControl "40/5400+30:1800+30"]

1. e4 e5 2. Nf3 Nc6 3. Bc4 Bc5 4. c3 d6 5. d4 exd4 6. cxd4 Bb6 7. O-O Bg4 8. Qd3 Qf6 9. e5 dxe5 10. dxe5 Nxe5 11. Re1 Ne7 12. Rxe5 Bxf3 13. Rxe7+ Qxe7 14. gxf3 Rd8 15. Qe2 Rd7 16. Qxe7+ Rxe7 17. Kf1 Kd7 18. Bf4 Rhe8 19. Nc3 h6 20. Nd5 Re6 21. h4 f6 22. Rd1 Kc8 23. h5 f5 24. Bd3 g6 25. hxg6 Rxg6 26. Bxf5+ Rge6 27. Bxe6+ Rxe6 28. Rc1 Ba5 29. Nxc7 Rg6 30. Nd5+ Kd8 31. b4 Bb6 32. Nxb6 axb6 33. Ke2 h5 34. Rh1 Rf6 35. Bg5 Ke7 36. Bxf6+ Kxf6 37. Rxh5 Ke6 38. Ke3 Kd6 39. Ke4 Kc6 40. f4 Kd7 41. f5 Ke8 42. Ke5 Kf7 43. f4 b5 44. Rh7+ Kf8 45. f6 b6 46. Ke6 Ke8 1-0

[Event "CZE-ch Youth G10-G12-G14 2022"]
[Site "Luhacovice"]
[Date "2022.03.17"]
[Round "7.18"]
[White "Barteckova, Valerie"]
[Black "Bartova Hana"]
[Result "1-0"]
[ECO "D02"]
[WhiteElo "1250"]
[BlackElo "1000"]
[Annotator "NA"]
[PlyCount "83"]
[EventDate "2022.03.12"]
[EventType "swiss"]
[EventCountry "CZE"]
[SourceTitle "playchess.com"]
[Source "ChessBase"]
[SourceQuality "1"]
[TimeControl "40/5400+30:1800+30"]

1. d4 d5 2. Nf3 Nf6 3. Bf4 Bf5 4. e3 e6 5. Bd3 Bxd3 6. Qxd3 c6 7. c3 Be7 8. O-O O-O 9. h3 Nbd7 10. Nbd2 Re8 11. e4 dxe4 12. Nxe4 Nxe4 13. Qxe4 Nf6 14. Qc2 Bf8 15. Rfe1 Qe7 16. Rad1 Rad8 17. Qb3 b5 18. Ne5 Qb7 19. Bh2 Nd7 20. Nxd7 Rxd7 21. Be5 Rd5 22. c4 Rd7 23. c5 Rd5 24. Qg3 Qd7 25. Qg4 g6 26. Qf4 Bg7 27. Bxg7 Kxg7 28. Qg4 Rd8 29. Qf3 Rxd4 30. Rxd4 Qxd4 31. Qxc6 Qxb2 32. Qc7 Re8 33. Qxa7 Qc3 34. Re3 Qa1+ 35. Kh2 Qc1 36. Rf3 Rf8 37. Qc7 Qc4 38. a3 Qd5 39. c6 Qd8 40. Rxf7+ Kh6 41. Qf4+ g5 42. Rxf8 1-0